 Dungeon Crawl Stone Soup version 0.32-a0-798-gfa783ce77f (webtiles) character file.

Game seed: 16243472535991222808

10268 Thargor the Destroyer (level 11, 0/74 HPs)
             Began as a Red Draconian Conjurer on Mar 21, 2024.
             Was a Believer of Vehumet.
             Slain by an elephant (6 damage)
             ... on level 1 of the Lair of Beasts.
             The game lasted 00:45:04 (14141 turns).

Thargor the Destroyer (Red Draconian Conjurer)     Turns: 14141, Time: 00:45:04

Health: 0/74       AC: 18    Str: 10    XL:     11   Next: 33%
Magic:  22/22      EV: 14    Int: 23    God:    Vehumet [**....]
Gold:   26         SH:  0    Dex: 13    Spells: 10/25 levels left

rFire   + . .        u - +3 trident "Nugaranig" {flame, rElec Dex-2 SInv}
rCold   . . .        L - orb {*channel}
rNeg    . . .        (body armour unavailable)
rPois   .            r - +2 hat
rElec   +            (no cloak)
rCorr   .            y - +2 pair of gloves
SInv    +            K - +1 pair of boots
Will    .....        D - amulet of magic regeneration
Stlth   ++           i - +4 ring of protection
HPRegen 0.32/turn    k - +6 ring of dexterity
MPRegen 0.58/turn

%: channel magic (20%)
@: about to teleport
A: combustion breath, AC +7, unfitting armour, fire resistance 1, cold-blooded
a: Combustion Breath, Renounce Religion


You were on level 1 of the Lair of Beasts.
You worshipped Vehumet.
Vehumet was pleased with you.
You visited 3 branches of the dungeon, and saw 13 of its levels.

You collected 542 gold pieces.
You spent 516 gold pieces at shops.

Inventory:

Hand Weapons
 u - the +3 trident "Nugaranig" (weapon) {flame, rElec Dex-2 SInv}
   (You found it on level 4 of the Dungeon)

   Dex-2:     It affects your dexterity (-2).
   rElec:     It insulates you from electricity.
   SInv:      It lets you see invisible.
Armour
 r - a +2 hat (worn)
 y - a +2 pair of gloves (worn)
 K - a +1 pair of boots (worn)
 L - an orb of energy (worn)
Jewellery
 g - a ring of positive energy
 i - a +4 ring of protection (left hand)
 k - a +6 ring of dexterity (right hand)
 p - a ring of ice
 w - a ring of poison resistance
 D - an amulet of magic regeneration (around neck)
 F - a ring of ice
 G - a ring of fire
Wands
 H - a wand of charming (4)
Scrolls
 c - 2 scrolls of fog
 d - a scroll of teleportation
 e - a scroll of brand weapon
 f - a scroll of immolation
 j - a scroll of fear
 l - 5 scrolls of vulnerability
 n - 7 scrolls of amnesia
 q - a scroll of blinking
 B - a scroll of noise
Potions
 h - 2 potions of cancellation {unknown}
 m - 3 potions of mutation
 s - 4 potions of curing
 t - 3 potions of might {unknown}
 x - 2 potions of degeneration {unknown}
 z - 3 potions of enlightenment {unknown}
 A - 5 potions of heal wounds
 C - a potion of ambrosia {unknown}
 E - a potion of haste {unknown}
 I - a potion of berserk rage {unknown}


   Skills:
 + Level 7.5 Dodging
 - Level 1.7 Stealth
 + Level 7.5 Spellcasting
 + Level 8.9 Conjurations
 + Level 7.4 Translocations
 + Level 8.1 Fire Magic
 * Level 5.6 Alchemy


You had 10 spell levels left.
You knew the following spells:

 Your Spells              Type           Power      Damage    Failure   Level
a - Magic Dart            Conj           100%       1d8       2%          1
b - Searing Ray           Conj           98%        2d8       2%          2
c - Blink                 Tloc           86%        N/A       3%          2
d - Momentum Strike       Conj/Tloc      92%        3d10      3%          2
e - Iskenderun's Mystic   Conj/Tloc      46%        2d10      10%         4
f - Fulminant Prism       Conj/Alch      21%        3d12      12%         4

Your spell library contained the following spells:

 Spells                   Type           Power      Damage    Failure   Level
 Frozen Ramparts          Ice            16%        1d3       43%         3
 Apportation              Tloc           86%        N/A       3%          1
 Lesser Beckoning         Tloc           86%        N/A       3%          2
 Kiss of Death            Conj/Necr      100%       2d13      5%          1
 Hailstorm                Conj/Ice       29%        3d8       12%         3
 Cigotuvi's Dreadful Rot  Necr/Alch/Air  34%        N/A       14%         2
 Jinxbite                 Hex            16%        N/A       26%         2
 Dimensional Bullseye     Hex/Tloc       12%        N/A       34%         4
 Alistair's Intoxication  Alch           22%        N/A       41%         5
 Confusing Touch          Hex            8%         N/A       43%         3
 Sigil of Binding         Hex            8%         N/A       43%         3
 Summon Ice Beast         Ice/Summ       8%         N/A       43%         3
 Tukima's Dance           Hex            8%         N/A       43%         3
 Dispel Undead            Necr           8%         3d8       78%         4
 Martyr's Knell           Necr/Summ      8%         N/A       78%         4
 Sculpt Simulacrum        Ice/Alch       10%        N/A       99%         6
 Death Channel            Necr           4%         N/A       100%        6
 Permafrost Eruption      Ice/Erth       4%         2x4d3     100%        6


Dungeon Overview and Level Annotations

Branches:
Dungeon (11/15)            Temple (1/1) D:6            Lair (1/5) D:9
    Orc: D:9-12

Altars:
Ashenzari
Cheibriados
Dithmenos
Elyvilon
Fedhas
Gozag
Hepliaklqana
Kikubaaqudgha
Makhleb
Nemelex Xobeh
Okawaru
Qazlal
Ru
Sif Muna
Trog
Uskayaw
Vehumet
Wu Jian
Xom
Yredelemnul
Zin
The Shining One

Shops:
D:2 =   D:4 ?   D:9 *

Portals:
Trove: D:10 (show slimy rune of Zot)


Innate Abilities, Weirdness & Mutations

You can breathe blasts of explosive embers.
Your fiery red scales are hard. (AC +7)
You cannot fit into any form of body armour.
Your flesh is heat resistant. (rF+)
You are cold-blooded and may be slowed by cold attacks.


Message History

The elephant trunk-slaps you but does no damage.
The elephant closely misses you.
The elephant trunk-slaps you but does no damage.
The elephant closely misses you.
The elephant trunk-slaps you but does no damage.
You hit the elephant. You burn the elephant.
The elephant is moderately wounded.
The elephant tramples you!
You stumble backwards!
The blink frog blinks!
Your fulminant prism crackles loudly.
The elephant tramples you!
You stumble backwards!
Your fulminant prism explodes!
The elephant attacks as it pursues you!
The elephant tramples you but does no damage.
The elephant trunk-slaps you but does no damage.
You hear a loud, deep croak!
You hear an angry hiss.
The elephant attacks as it pursues you! The elephant misses you.
The elephant trunk-slaps you but does no damage.
A blink frog comes into view.
The elephant attacks as it pursues you! The elephant tramples you!
* * * LOW HITPOINT WARNING * * *
You stumble backwards!
A komodo dragon comes into view.
The elephant misses you.
The elephant trunk-slaps you but does no damage. 4 blink frogs come into view.
The blink frog gives a loud, deep croak!
The blink frog hits you but does no damage.
The blink frog blinks!
The blink frog misses you.
The blink frog moves out of view.
As you read the scroll of teleportation, it crumbles to dust.
You feel strangely unstable.
The blink frog croaks.
The blink frog hits you but does no damage. x2
The elephant tramples you!
* * * LOW HITPOINT WARNING * * *
You hold your ground!
The elephant misses you.
The blink frog blinks!
The blink frog hits you but does no damage.
The elephant tramples you.
You die...

#......###.# #.# ...÷..
#.......##.# ###.##......
#.......#..####...........
#.......##.#....Y.........
#.............Y...........
#............#####Y#......
#......÷..<.####Y..##.F..
#.§....##.#...FYY.## .l.
##Y##.###÷#...@.§.# .
#Y#####....P###...FFF§ #Y#
##.....# #.F###.. #.#
#......# #..# #.# #.....##
#... #.## ##.....###....
#..####.............
#..Y.............##PP
#................


You could see 4 elephants and 5 blink frogs.

Vanquished Creatures
  2 two-headed ogres
  Pikel (D:5)
  An elephant (D:9)
  Jeremiah (D:7)
  A komodo dragon (D:10)
  Psyche (D:9)
  2 hornets
  3 trolls
  2 blink frogs (Lair:1)
  11 yaks
  2 steam dragons
  An acid dragon (D:10)
  2 water moccasins (D:7)
  Duvessa (D:5)
  2 sky beasts
  2 orc warriors (D:10)
  2 ice beasts
  3 black bears
  4 ogres
  2 centaurs (D:9)
  2 kobold brigands
  2 lemures (D:5)
  2 bullfrogs
  2 gnoll sergeants
  2 scorpions
  Dowan (D:5)
  3 killer bees (D:9)
  5 howler monkeys
  3 vampire bats (D:9)
  2 bombardier beetles
  6 jellies
  8 orc priests
  3 gnoll boudas
  6 hounds
  2 iguanas (D:5)
  2 sleepcaps
  Natasha (thrice) (D:3)
  8 orc wizards
  Robin (D:3)
  17 gnolls
  6 adders
  2 shadow imps
  A white imp (D:6)
  2 ufetubi (D:6)
  A ribbon worm (D:2)
  5 dart slugs
  38 orcs
  4 ball pythons
  7 bats
  2 bat skeletons (D:9)
  3 bat zombies (D:9)
  9 endoplasms
  5 giant cockroaches
  17 goblins
  12 hobgoblins
  4 jackals
  20 kobolds
  6 quokkas
  3 frilled lizards (D:1)
  7 rats
280 creatures vanquished.

Vanquished Creatures (others)
  29 fulminant prisms
29 creatures vanquished.

Grand Total: 309 creatures vanquished

Notes
Turn   | Place    | Note
-------+----------+-------------------------------------------
     0 | D:1      | Thargor the Draconian Conjurer began the quest for the Orb.
     0 | D:1      | Reached XP level 1. HP: 14/14 MP: 3/3
   146 | D:1      | Reached XP level 2. HP: 20/20 MP: 0/5
   405 | D:1      | Reached XP level 3. HP: 16/26 MP: 0/6
   482 | D:1      | Learned a level 2 spell: Searing Ray
   830 | D:1      | Found a faded altar of an unknown god.
  1177 | D:2      | Learned a level 2 spell: Blink
  1248 | D:2      | Found Laubbeuh's Jewellery Shop.
  1297 | D:1      | Reached XP level 4. HP: 22/33 MP: 0/8
  1438 | D:2      | Found an iron altar of Okawaru.
  1878 | D:2      | Reached skill level 1 in Translocations
  2310 | D:2      | You fall into a shaft and drop 1 floor!
  2377 | D:3      | Reached XP level 5. HP: 32/36 MP: 4/9
  2606 | D:3      | Noticed Robin
  2919 | D:2      | Learned a level 2 spell: Momentum Strike
  3134 | D:3      | Killed Robin
  3135 | D:3      | Reached skill level 5 in Conjurations
  3219 | D:3      | Noticed Natasha
  3224 | D:3      | Killed Natasha
  3685 | D:3      | Noticed Natasha
  3688 | D:3      | Killed Natasha
  3689 | D:3      | Reached XP level 6. HP: 45/45 MP: 6/11
  4095 | D:3      | Noticed Natasha
  4099 | D:3      | Killed Natasha
  4185 | D:4      | Found Meidaggole's Magic Scroll Shoppe.
  4260 | D:4      | Bought a scroll of identify for 28 gold pieces
  4260 | D:4      | Bought a scroll of identify for 28 gold pieces
  4290 | D:4      | Identified the +3 trident "Nugaranig" {flame, rElec Dex-2
                  | SInv}
  4302 | D:4      | Learned a level 4 spell: Iskenderun's Mystic Blast
  4512 | D:4      | Your scales start taking on a fiery red colour.
  4512 | D:4      | Reached XP level 7. HP: 50/50 MP: 4/12
  4512 | D:4      | Gained mutation: Your flesh is heat resistant. (rF+) [Red
                  | Draconian growth]
  4752 | D:4      | Found a hide-covered altar of Uskayaw.
  4836 | D:4      | Reached skill level 1 in Fire Magic
  5385 | D:5      | Entered Level 5 of the Dungeon
  5845 | D:5      | Reached XP level 8. HP: 57/57 MP: 10/14
  5850 | D:5      | Learned a level 4 spell: Fulminant Prism
  6067 | D:5      | Reached skill level 1 in Alchemy
  6100 | D:5      | Noticed Pikel
  6116 | D:5      | Killed Pikel
  6117 | D:5      | Reached skill level 5 in Spellcasting
  6184 | D:5      | Noticed Duvessa
  6195 | D:5      | Noticed Dowan
  6201 | D:5      | Killed Duvessa
  6202 | D:5      | Reached skill level 5 in Dodging
  6211 | D:5      | Killed Dowan
  6987 | D:6      | Reached XP level 9. HP: 62/62 MP: 12/16
  7015 | D:6      | Found a staircase to the Ecumenical Temple.
  7023 | Temple   | Entered the Ecumenical Temple
  7050 | Temple   | Became a worshipper of Vehumet
  8251 | D:7      | Reached skill level 5 in Translocations
  8559 | D:7      | Noticed Jeremiah
  8564 | D:7      | Killed Jeremiah
  8565 | D:7      | Reached skill level 5 in Fire Magic
  8638 | D:7      | Reached skill level 5 in Alchemy
  8652 | D:7      | Found a hazy altar of Hepliaklqana.
  8659 | D:7      | Found a stormy altar of Qazlal.
  8659 | D:7      | Found a glowing golden altar of the Shining One.
  8662 | D:7      | Found a shimmering blue altar of Sif Muna.
  9237 | D:7      | Found a blossoming altar of Fedhas.
  9316 | D:8      | Reached * piety under Vehumet
  9316 | D:8      | Offered knowledge of Sting by Vehumet.
  9439 | D:8      | Reached XP level 10. HP: 28/69 MP: 13/19
  9935 | D:8      | Found a snail-covered altar of Cheibriados.
 10013 | D:8      | Found a burning altar of Makhleb.
 10013 | D:8      | Noticed a balrug
 10569 | D:9      | Found an iron altar of Okawaru.
 10599 | D:9      | Noticed a two-headed ogre
 10732 | D:9      | Found Mofedod's General Store.
 10741 | D:9      | Bought a potion of heal wounds for 50 gold pieces
 10741 | D:9      | Bought a scroll of identify for 20 gold pieces
 10877 | D:9      | Found a staircase to the Lair.
 10938 | D:10     | Entered Level 10 of the Dungeon
 11691 | D:10     | Found a basalt altar of Yredelemnul.
 11861 | D:10     | Reached ** piety under Vehumet
 11866 | D:10     | Offered knowledge of Sandblast by Vehumet.
 12315 | D:9      | Found a sacrificial altar of Ru.
 12345 | D:9      | Found an ancient bone altar of Kikubaaqudgha.
 12560 | D:9      | Noticed Psyche
 12572 | D:9      | Killed Psyche
 12573 | D:9      | Reached XP level 11. HP: 71/74 MP: 6/21
 12759 | Lair:1   | Entered Level 1 of the Lair of Beasts
 12766 | Lair:1   | Offered knowledge of Frozen Ramparts by Vehumet.
 13166 | D:10     | Found a portal to a secret trove of treasure.
 13428 | D:11     | Noticed a two-headed ogre
 13435 | D:11     | Killed a two-headed ogre
 13787 | D:9      | Killed a two-headed ogre
 13988 | D:2      | Bought an amulet of magic regeneration for 390 gold pieces
 14141 | Lair:1   | Slain by an elephant

Illustrated notes

Levels and vault maps discovered:
D:1:      scummos_arrival_forest, layout_rooms,
          shapermc_ecumenical_altar_mp_urbaneastern
D:2:      layout_basic, basic_altar, serial_shops, nicolae_shop_gaudy_bauble,
          small_statue_intersection, minmay_hexomino_c4
D:3:      layout_basic, corexii_shack, uniq_robin, uniq_natasha
D:4:      layout_loops_cross, nicolae_uskayaw_dance_hall, serial_shops, shop
D:5:      layout_basic, minmay_circle_x, uniq_pikel, uniq_duvessa
D:6:      layout_loops_ring, minmay_temple_entry_stoned_glass, item_on_display_a
D:7:      layout_rooms, grunt_temple_overflow_open, fedhas_altar_4,
          uniq_jeremiah
D:8:      layout_basic, cheibriados_altar_1, makhleb_altar_promises_db,
          nicolae_the_louvre
D:9:      layout_rooms, kennysheep_vampire_church, mainiacjoe_overflow_chevrons,
          mainiacjoe_overflow_six_doors_small, serial_shops, shop,
          serial_library_hellmonk_open_square, uniq_psyche
D:10:     layout_roguey, mainiacjoe_overflow_paths, nicolae_trove_entry_crystal,
          minmay_misc_feat_room
D:11:     layout_basic, minmay_orc_entry_guard_dogs,
          minmay_hollow_rounded_squares, uniq_sonja
Temple:   dpeg_chambers_temple
Lair:1:   layout_gridlike, lemuel_fruit_fields, grunt_megastairs_5

Skill      XL: |  1  2  3  4  5  6  7  8  9 10 11 |
---------------+----------------------------------+-----
Dodging        | 2 3 4 5 6 7 |  7.5
Translocations | 1 2 3 4 5 7 |  7.4
Spellcasting   | 3 4 5 6 7 |  7.5
Conjurations   | 5 6 7 8 |  8.9
Fire Magic     | 2 4 5 7 8 |  8.1
Alchemy        | 3 5 |  5.6
Stealth        | |  1.7

Action                     |  1- 3 |  4- 6 |  7- 9 | 10-12 || total
---------------------------+-------+-------+-------+-------++-------
  Melee: Unarmed           |    10 |       |       |       ||    10
         Tailslap          |     1 |     4 |    13 |     6 ||    24
         Staff             |    11 |    25 |       |       ||    36
         Trident           |       |       |   108 |    57 ||   165
   Cast: Magic Dart        |    79 |   116 |   138 |    66 ||   399
         Searing Ray       |     4 |    25 |    50 |    32 ||   111
         Blink             |       |     2 |       |     1 ||     3
         Momentum Strike   |       |     3 |       |       ||     3
         Iskenderun's Myst |       |       |     4 |    33 ||    37
         Fulminant Prism   |       |       |     2 |    27 ||    29
Ability: Combustion Breath |       |       |     4 |       ||     4
  Evoke: Wand              |       |       |       |     2 ||     2
    Use: Scroll            |       |     6 |     1 |    12 ||    19
         Potion            |       |       |     1 |     1 ||     2
 Armour: Skin              |    40 |    40 |   162 |   178 ||   420
  Dodge: Dodged            |    37 |    41 |   159 |   170 ||   407

Table legend: (Time is in decaauts)
 A = Elapsed time spent in this place.
 B = Non-inter-level travel time spent in this place.
 C = Inter-level travel time spent in this place.
 D = Time resting spent in this place.
 E = Time spent auto-exploring this place.
 F = Levels seen in this place.
 G = Mean time per level.
                   A        B        C        D        E       F      G
               +--------+--------+--------+--------+--------+-----+--------+
         Total |  14214 |  13191 |   1023 |    995 |   9740 |  13 | 1093.4 |
       Dungeon |  14086 |  13117 |    969 |    995 |   9740 |  11 | 1280.5 |
        Temple |     54 |      2 |     52 |      0 |      0 |   1 |   54.0 |
          Lair |     73 |     72 |      1 |      0 |      0 |   1 |   73.0 |
               +--------+--------+--------+--------+--------+-----+--------+

Top non-repeatable levels by time:
    D:10: 1756 daAuts
     D:3: 1507 daAuts
     D:2: 1479 daAuts
     D:6: 1475 daAuts
     D:5: 1456 daAuts
     D:8: 1449 daAuts
     D:9: 1299 daAuts
     D:1: 1297 daAuts
     D:4: 1188 daAuts
     D:7: 1104 daAuts
  Lair:1: 73 daAuts
    D:11: 72 daAuts
  Temple: 54 daAuts
